 Dungeon Crawl Stone Soup version 0.30.1-11-g7821555f0a (webtiles) character file.

Game seed: 9573554921072236570

99 PaiMei the Grave Robber (level 4, -2/32 HPs)
             Began as a Demonspawn Necromancer on Jan 12, 2024.
             Slain by Grinder (7 damage)
             ... while paralysed by Grinder
             ... on level 3 of the Dungeon.
             The game lasted 00:03:18 (3011 turns).

PaiMei the Grave Robber (Demonspawn Necromancer)    Turns: 3011, Time: 00:03:19

Health: -2/32      AC:  4    Str:  8    XL:     4   Next: 45%
Magic:  8/8        EV:  2    Int: 19    God:
Gold:   145        SH:  0    Dex: 13    Spells: 0/8 levels left

rFire   . . .        o - +1 dagger (venom)
rCold   . . .        (no shield)
rNeg    . . .        a - +0 robe
rPois   .            (helmet restricted)
rElec   .            r - +1 cloak
rCorr   .            (no gloves)
SInv    .            (no boots)
Will    .....        (no amulet)
Stlth   ++           (no ring)
HPRegen 0.25/turn    (no ring)
MPRegen 0.11/turn

%: no passive effects
@: paralysed
A: antennae 1
a: no special abilities


You were on level 3 of the Dungeon.
You visited 1 branch of the dungeon, and saw 3 of its levels.

You collected 145 gold pieces.

Inventory:

Hand Weapons
 h - a +0 club
 o - a +1 dagger of venom (weapon)
Missiles
 j - 11 poisoned darts (quivered)
Armour
 a - a +0 robe (worn)
 l - a +0 buckler
 n - a scarf of resistance
 r - a +1 cloak (worn)
Scrolls
 d - 2 scrolls of amnesia {unknown}
 e - 3 scrolls of identify {unknown}
 g - 4 scrolls of teleportation {unknown}
 i - a scroll of torment {unknown}
 m - a scroll of immolation {unknown}
 u - a scroll of enchant weapon {unknown}
Potions
 b - 3 potions of magic
 c - a potion of resistance {unknown}
 f - 2 potions of curing {unknown}
 k - a potion of lignification {unknown}
 p - a potion of mutation {unknown}
 q - 2 potions of heal wounds {unknown}
 s - a potion of attraction {unknown}
 t - a potion of flight {unknown}
 v - a potion of berserk rage {unknown}


   Skills:
 + Level 1.3 Fighting
 + Level 2.6 Dodging
 - Level 2.2 Stealth
 + Level 2.7 Spellcasting
 + Level 5.0 Necromancy


You couldn't memorise any spells.
You knew the following spells:

 Your Spells              Type           Power      Damage    Failure   Level
a - Necrotise             Necr           84%        1d8       1%          1
b - Vampiric Draining     Necr           21%        2d7       6%          3
c - Animate Dead          Necr           21%        N/A       21%         4

Your spell library contained the following spells:

 Spells                   Type           Power      Damage    Failure   Level
 Ensorcelled Hibernation  Hex/Ice        4%         N/A       24%         2
 Passwall                 Tmut/Erth      1%         N/A       24%         2
 Spider Form              Tmut/Pois      2%         N/A       43%         3
 Swiftness                Air            2%         N/A       43%         3
 Anguish                  Hex/Necr       6%         N/A       50%         4
 Agony                    Necr           21%        N/A       50%         5


Dungeon Overview and Level Annotations

Branches:
Dungeon (3/15)

Altars:
Wu Jian

Annotations:
D:3 Grinder


Innate Abilities, Weirdness & Mutations

You have a pair of small antennae on your head.


Message History

Grinder says, "There's only one good use for a tongue: cutting it out."
Grinder gestures at you.
You barely resist.
You can move again.
Grinder gestures at you.
You suddenly lose the ability to move!
Grinder blinks! x2
You can move again.
Grinder gestures at you. Pain shoots through your body!
You closely miss Grinder. Grinder hits you.
You writhe in agony.
You hit Grinder.
Grinder is lightly wounded.
Grinder barely misses you.
You hit Grinder but do no damage.
Grinder is lightly wounded.
Grinder hits you.
* * * LOW HITPOINT WARNING * * *
You writhe in agony.
* * * LOW HITPOINT WARNING * * *
You hit Grinder.
Grinder is lightly wounded.
Grinder misses you.
You hit Grinder.
Grinder is lightly wounded.
Grinder grins, showing sharp teeth.
Grinder barely misses you.
You barely miss Grinder.
Grinder is lightly wounded.
Grinder gestures at you.
You suddenly lose the ability to move!
Grinder hits you but does no damage. Grinder hits you.
* * * LOW HITPOINT WARNING * * *
You writhe in agony.
* * * LOW HITPOINT WARNING * * *
Grinder gestures at you. You resist with significant effort. Grinder hits you!
You die...

......... ##...## #.........# ..
'#####..# #.....# ##........# ..
.# ##...## ##.......# #. .#
####.....######......# #.
'########.#.......#.####.....# #.
.....#.#.............#.#.....# #.
.........................#######.
.....#.#.............#.#.........
#########.#....5@.#.####.........
......######.....######..........
.##....## ##...## ##...........
.##.....## #.....# ##............
.++......####...####.............
.##.......####.## #..............
.##....(...##...##...............
.##.........##.###....####.......
..................#### #.......


You could see Grinder.

Vanquished Creatures
  An iguana (D:3)
  2 adders (D:2)
  2 dart slugs (D:2)
  4 ball pythons
  5 endoplasms
  3 giant cockroaches
  3 goblins (D:2)
  8 hobgoblins
  3 quokkas
  4 bats
  4 frilled lizards
  3 kobolds
  3 rats (D:1)
45 creatures vanquished.

Vanquished Creatures (collateral kills)
  2 frilled lizards (D:1)
  A kobold (D:1)
3 creatures vanquished.

Grand Total: 48 creatures vanquished

Notes
Turn   | Place    | Note
-------+----------+-------------------------------------------
     0 | D:1      | PaiMei the Demonspawn Necromancer began the quest for the
                  | Orb.
     0 | D:1      | Reached XP level 1. HP: 13/13 MP: 3/3
   685 | D:1      | Gained mutation: You have a pair of small antennae on your
                  | head. [demonic ancestry]
   685 | D:1      | Reached XP level 2. HP: 19/19 MP: 0/5
  1570 | D:2      | Reached XP level 3. HP: 24/24 MP: 2/6
  2143 | D:2      | Reached skill level 1 in Fighting
  2447 | D:2      | Reached XP level 4. HP: 32/32 MP: 4/7
  2605 | D:3      | Found an ornate altar of the Wu Jian Council.
  2667 | D:3      | Reached skill level 5 in Necromancy
  2711 | D:3      | Learned a level 3 spell: Vampiric Draining
  2716 | D:3      | Learned a level 4 spell: Animate Dead
  2971 | D:3      | Noticed Grinder
  2990 | D:3      | Paralysed by Grinder for 4 turns
  2995 | D:3      | Paralysed by Grinder for 5 turns
  3007 | D:3      | Paralysed by Grinder for 5 turns
  3011 | D:3      | Slain by Grinder

Illustrated notes

Levels and vault maps discovered:
D:1:      minmay_arrival_cross, layout_basic, st_stairs_11,
          minmay_tiny_reverse_x
D:2:      layout_basic, basic_altar, grunt_decor_cap
D:3:      layout_basic, nicolae_wu_jian_immortal_techniques,
          nicolae_overflow_squiral, nicolae_figureground_sparkle, uniq_grinder

Skill      XL: |  1  2  3  4 |
---------------+-------------+-----
Stealth        | 2 |  2.2
Dodging        | 2 |  2.6
Fighting       | 1 |  1.3
Necromancy     | 5 |  5.0
Spellcasting   | |  2.7

Action                     |  1- 3 |  4- 6 || total
---------------------------+-------+-------++-------
  Melee: Unarmed           |    13 |       ||    13
         Dagger            |     1 |    11 ||    12
   Cast: Necrotise         |    69 |    10 ||    79
 Armour: Robe              |     9 |     1 ||    10
  Dodge: Dodged            |    12 |     8 ||    20
